 Dungeon Crawl Stone Soup version 0.29.1-1-gd02db6906a (webtiles) character file.

Game seed: 1562238047010296911

3103 funkygono the Arsonist (level 9, -8/48 HPs)
             Began as a Gargoyle Fire Elementalist on Sept 15, 2022.
             Was an Initiate of Vehumet.
             Mangled by a yak (10 damage)
             ... on level 7 of the Dungeon.
             The game lasted 00:11:34 (8101 turns).

funkygono the Arsonist (Gargoyle Fire Elementalist) Turns: 8101, Time: 00:11:35

Health: -8/48      AC: 19    Str: 12    XL:     9   Next: 90%
Magic:  2/20       EV: 12    Int: 26    God:    Vehumet [......]
Gold:   358        SH:  0    Dex: 10    Spells: 12/22 levels left

rFire   . . .      SeeInvis .   l - +4 flail
rCold   . . .      Faith    .   (no shield)
rNeg    + . .      Spirit   .   a - +0 robe
rPois   ∞          Reflect  .   k - +0 helmet
rElec   +          Harm     .   w - +2 cloak
rCorr   .          Rampage  .   (no gloves)
Will    .....                   q - +2 pair of boots {Stlth+}
Stlth   +++.......              (no amulet)
HPRegen 0.16/turn               m - +6 ring of intelligence
MPRegen 0.17/turn               t - +4 ring of protection

@: hasted, very quick
A: sickness immunity, AC +6, negative energy resistance 1, electricity
resistance, torment resistance 1, petrification resistance
a: Renounce Religion


You were on level 7 of the Dungeon.
You worshipped Vehumet.
Vehumet was noncommittal.
You visited 2 branches of the dungeon, and saw 8 of its levels.

You collected 358 gold pieces.

Inventory:

Hand Weapons
 f - a +1 mace of protection
 g - a +1 whip of freezing
 l - a +4 flail (weapon)
 s - a +0 morningstar
 v - a +4 quarterstaff of chaos
 x - a +0 whip
Armour
 a - a +0 robe (worn)
 d - a +0 leather armour
 k - a +0 helmet (worn)
 q - a +2 pair of boots of stealth (worn)
 w - a +2 cloak (worn)
 y - a +0 ring mail of positive energy
Magical Staves
 n - a staff of death
Jewellery
 m - a +6 ring of intelligence (left hand)
 t - a +4 ring of protection (right hand)
Wands
 b - a wand of polymorph (9)
Scrolls
 e - 3 scrolls of magic mapping
 h - 4 scrolls of teleportation
 o - 2 scrolls of poison
 z - 2 scrolls of amnesia
 C - a scroll of fear
Potions
 c - a potion of might
 i - 2 potions of flight
 u - a potion of cancellation {unknown}
 A - 2 potions of attraction {unknown}


   Skills:
 + Level 2.2 Fighting
 + Level 2.9 Maces & Flails
 + Level 3.3 Dodging
 - Level 2.1 Stealth
 + Level 7.3 Spellcasting
 + Level 6.7 Conjurations
 + Level 8.0 Fire Magic


You had 12 spell levels left.
You knew the following spells:

 Your Spells              Type           Power      Damage    Failure   Level
a - Foxfire               Conj/Fire      100%       2x1d9     1%          1
b - Scorch                Fire           100%       2d10      1%          2
c - Conjure Flame         Conj/Fire      48%        6-21      1%          3
d - Flame Wave            Conj/Fire      48%        2d12      3%          4

Your spell library contained the following spells:

 Spells                   Type           Power      Damage    Failure   Level
 Inner Flame              Hex/Fire       30%        N/A       3%          3
 Call Canine Familiar     Summ           9%         N/A       19%         3
 Portal Projectile        Hex/Tloc       18%        N/A       19%         3
 Leda's Liquefaction      Hex/Erth       4%         N/A       52%         4


Dungeon Overview and Level Annotations

Branches:
Dungeon (7/15)             Temple (1/1) D:7

Altars:
Ashenzari
Cheibriados
Elyvilon
Fedhas
Gozag
Hepliaklqana
Kikubaaqudgha
Makhleb
Nemelex Xobeh
Okawaru
Qazlal
Sif Muna
Trog
Uskayaw
Vehumet
Wu Jian
Xom
Yredelemnul
Zin
The Shining One


Innate Abilities, Weirdness & Mutations

You are immune to sickness and miasma.
Your stone body is resilient. (AC +6)
You are immune to poison.
You resist negative energy. (rN+)
You are resistant to electric shocks. (rElec)
You are resistant to unholy torment.
You are immune to petrification.


Message History

The yak attacks as you move away! The yak gores you but does no damage.
The yak is no longer more vulnerable to fire.
You feel better. The yak gores you!
* * * LOW HITPOINT WARNING * * *
You feel better. The yak gores you but does no damage. The yak gores you.
* * * LOW HITPOINT WARNING * * *
Unknown command.
The yak attacks as you move away! The yak barely misses you.
You feel better. The yak closely misses you.
Unknown command.
You hit the yak.
The yak is lightly wounded.
The yak snorts and paws the ground.
The yak gores you but does no damage.
Casting: Scorch (safe; 1% risk of failure)
Confirm with . or Enter, or press ? or * to list all spells.
Flames lash the yak.
The yak is moderately wounded.
The yak's fire resistance burns away.
The yak gores you but does no damage.
Unknown command.
Casting: Scorch (safe; 1% risk of failure)
Confirm with . or Enter, or press ? or * to list all spells.
Flames lash the yak.
The yak is lightly wounded.
The yak's fire resistance burns away.
The yak gores you but does no damage.
Unknown command.
Casting: Scorch (safe; 1% risk of failure)
Confirm with . or Enter, or press ? or * to list all spells.
Flames lash the yak.
The yak is moderately wounded.
The yak gores you!
* * * LOW HITPOINT WARNING * * *
Unknown command.
You closely miss the yak.
The yak is lightly wounded.
The yak barely misses you.
You feel yourself speed up.
The yak is no longer more vulnerable to fire.
The yak gores you!
You die...

#.###.#### #.#
+.#>'.'..# #.#
#.###.##.# #.#
#.....##.###.###########
###'###..)......#...Y...
#....Y..Y..##>#†#...Y.
#.###Y###...#.#.#.###.
####.###Y##......#.#.# >
#.......@###.......#.# .
#.##.###.# ##.##.###.# .
.# #.#..# #.# ##.##.#
#.# # .#
#.#.####.........# #.#
.## #........# ##+####
#.. ..## ###.###### .#.#
#.# ..# #######.##
.####........####


You could see 3 yaks.

Vanquished Creatures
  Pikel (D:5)
  Maggie (D:7)
  Grinder (D:5)
  Sigmund (D:3)
  2 yaks (D:7)
  An orc warrior (D:6)
  2 sky beasts (D:6)
  2 black bears
  2 centaurs (D:7)
  An ogre (D:7)
  2 phantoms
  6 scorpions
  A wight (D:7)
  A hound (D:6)
  Crazy Yiuf (D:3)
  A gnoll bouda (D:6)
  An iguana (D:4)
  5 orc wizards
  Natasha (thrice) (D:3)
  2 adders (D:3)
  3 gnolls (D:6)
  2 shadow imps
  A white imp (D:7)
  An ufetubus (D:7)
  3 dart slugs
  17 orcs
  8 ball pythons
  4 bats
  10 endoplasms
  4 giant cockroaches
  6 goblins
  2 hobgoblins (D:2)
  5 jackals (D:3)
  5 kobolds
  2 quokkas
  2 frilled lizards
  4 rats
116 creatures vanquished.

Vanquished Creatures (others)
  422 foxfires
422 creatures vanquished.

Grand Total: 538 creatures vanquished

Notes
Turn   | Place    | Note
-------+----------+-------------------------------------------
     0 | D:1      | funkygono the Gargoyle Fire Elementalist began the quest
                  | for the Orb.
     0 | D:1      | Reached XP level 1. HP: 10/10 MP: 3/3
   104 | D:1      | Reached XP level 2. HP: 15/15 MP: 0/5
   466 | D:1      | Learned a level 2 spell: Scorch
   652 | D:1      | Reached XP level 3. HP: 13/19 MP: 1/6
   656 | D:1      | Learned a level 3 spell: Conjure Flame
  1943 | D:3      | Noticed Sigmund
  1980 | D:3      | Killed Sigmund
  1981 | D:3      | Reached skill level 1 in Maces & Flails
  1981 | D:3      | Reached skill level 4 in Fire Magic
  1981 | D:3      | Reached XP level 4. HP: 5/24 MP: 0/8
  1981 | D:3      | Reached XP level 5. HP: 6/28 MP: 0/9
  2236 | D:3      | Learned a level 4 spell: Flame Wave
  2439 | D:3      | Noticed Natasha
  2446 | D:3      | Killed Natasha
  2447 | D:3      | Reached XP level 6. HP: 26/33 MP: 2/11
  2634 | D:3      | Found a faded altar of an unknown god.
  2726 | D:3      | Noticed Natasha
  2731 | D:3      | Killed Natasha
  2732 | D:3      | Reached skill level 1 in Fighting
  2979 | D:3      | Found a shimmering blue altar of Sif Muna.
  2981 | D:3      | Found a sparkling altar of Nemelex Xobeh.
  2981 | D:3      | Found a glowing golden altar of the Shining One.
  3005 | D:3      | Found a runed translucent door.
  3006 | D:3      | Noticed Crazy Yiuf
  3361 | D:3      | Noticed Natasha
  3372 | D:3      | Killed Natasha
  3454 | D:3      | Killed Crazy Yiuf
  3827 | D:4      | Reached XP level 7. HP: 34/38 MP: 5/13
  4123 | D:4      | Found a stormy altar of Qazlal.
  4123 | D:4      | Found a snail-covered altar of Cheibriados.
  4128 | D:4      | Found a glowing silver altar of Zin.
  4131 | D:4      | Found an ancient bone altar of Kikubaaqudgha.
  4133 | D:4      | Found a broken altar of Ashenzari.
  4385 | D:4      | Found a large runed translucent door.
  4386 | D:4      | Found a large runed translucent door.
  4638 | D:4      | Reached skill level 5 in Fire Magic
  4698 | D:4      | Found a bloodstained altar of Trog.
  4703 | D:4      | Found an ornate altar of the Wu Jian Council.
  4746 | D:5      | Entered Level 5 of the Dungeon
  4963 | D:5      | Noticed Pikel
  5008 | D:5      | Killed Pikel
  5009 | D:5      | Reached skill level 5 in Spellcasting
  5009 | D:5      | Reached XP level 8. HP: 9/43 MP: 5/16
  5438 | D:5      | Reached skill level 5 in Conjurations
  5438 | D:5      | Reached skill level 6 in Fire Magic
  5575 | D:5      | Noticed Grinder
  5580 | D:5      | Killed Grinder
  6106 | D:6      | Reached XP level 9. HP: 48/48 MP: 9/18
  6180 | D:6      | Found a basalt altar of Yredelemnul.
  6220 | D:6      | Reached skill level 7 in Fire Magic
  6354 | D:6      | Identified the +1 ring mail "Puxzo" {rPois rN+ Int-2 Dex+7}
  6628 | D:6      | Found a hide-covered altar of Uskayaw.
  6784 | D:6      | Found a white marble altar of Elyvilon.
  7662 | D:7      | Found an iron altar of Okawaru.
  7809 | D:7      | Found a staircase to the Ecumenical Temple.
  7817 | Temple   | Entered the Ecumenical Temple
  7843 | Temple   | Became a worshipper of Vehumet
  8045 | D:7      | Noticed Maggie
  8054 | D:7      | Killed Maggie
  8079 | D:7      | Reached skill level 8 in Fire Magic
  8098 | D:7      | HP: 2/48 [yak (11)]
  8101 | D:7      | Mangled by a yak

Illustrated notes

Levels and vault maps discovered:
D:1:      dpeg_arrival_shrine, layout_basic, kennysheep_nondescript
D:2:      layout_rooms, serial_park_tiny_pond, serial_bayou_pond_d,
          nicolae_figureground_pulse
D:3:      layout_loops_corners, chequers_temple_overflow_statue_of_worship,
          hellmonk_ecumenical_altar_inner_sanctum, kennysheep_donut,
          corner_web_ring, minivault_4, uniq_natasha, uniq_crazy_yiuf_cottage,
          uniq_sigmund
D:4:      layout_cave_pools, chequers_temple_overflow_minitemple,
          jmf_multi_god_temple2, nicolae_elevator_lobby_asterisk
D:5:      layout_basic, uniq_grinder, uniq_pikel
D:6:      layout_layer_cave, nicolae_overflow_crystal_walls,
          mainiacjoe_overflow_big_doors
D:7:      layout_loops_corners, mainiacjoe_overflow_tiny_flanked,
          minmay_temple_entry_glassed_door, minmay_increasing_density,
          uniq_maggie, uniq_prince_ribbit1
Temple:   nicolae_temple_bog_church

Skill      XL: |  1  2  3  4  5  6  7  8  9 |
---------------+----------------------------+-----
Maces & Flails | 1 2 |  2.9
Dodging        | 2 3 |  3.3
Spellcasting   | 3 4 5 6 7 |  7.3
Conjurations   | 2 3 4 5 6 |  6.7
Fire Magic     | 4 5 6 8 |  8.0
Fighting       | 1 2 |  2.2
Stealth        | |  2.1

Action                   |  1- 3 |  4- 6 |  7- 9 || total
-------------------------+-------+-------+-------++-------
Melee: Club              |    13 |       |       ||    13
       Morningstar       |       |     2 |    14 ||    16
       Whip              |       |       |    14 ||    14
       Flail             |       |       |    16 ||    16
       Punch             |       |       |     1 ||     1
 Cast: Foxfire           |    65 |    58 |   126 ||   249
       Scorch            |       |     5 |    35 ||    40
  Use: Potion            |     1 |       |     7 ||     8
       Scroll            |       |     8 |     5 ||    13
Armor: Robe              |    12 |     3 |    57 ||    72
       Skin              |       |       |     3 ||     3
Dodge: Dodged            |    21 |     1 |    63 ||    85
